AoeStats
← dix.

Arabia

509620744Analyzed
1v1 RM · 4d ago on Sep 27, 2026· 53m 59s· 2 players
Game mode
Random Map
Map size
Tiny (2 player)
Population
200
Speed
Normal
Resources
Standard
Victory
Conquest
Starting age
Dark Age
Ending age
Imperial Age
RankedLock teamsTeams togetherTeam positionsShared explorationLock speedFull tech treeHidden civsTurbo modeCheats
Victory
Defeat
🇬🇧 Gurjaras · United Kingdom
735
+17
🇷🇺 Sicilians · Russia
753
-17
Dirty Badger the Conqueror
2:28 Loom
10:57 Feudal Age
11:31 Double-Bit Axe
20:32 Castle Age
18:57 Forging
19:58 Stone Mining
20:52 Scale Barding Armor
20:39 Fletching
21:34 Horse Collar
22:49 Elite Skirmisher
25:10 Heavy Plow
26:03 Town Watch
28:01 Wheelbarrow
28:30 Town Patrol
30:04 Hand Cart
30:15 Murder Holes
30:18 Bodkin Arrow
30:44 Husbandry
31:00 Bloodlines
30:58 Gold Mining
33:54 Ballistics
33:52 Bow Saw
34:56 Fortified Wall
36:50 Stone Shaft Mining
36:52 Gold Shaft Mining
39:10 Imperial Age
37:08 Chain Barding Armor
37:22 Fervor
37:40 Guard Tower
38:01 Masonry
38:46 Kshatriyas
40:01 Iron Casting
39:29 Padded Archer Armor
39:21 Elite Shrivamsha Rider
39:27 Heavy Camel Rider
41:40 Chemistry
41:24 Crop Rotation
41:29 Elite Chakram Thrower
42:50 Conscription
45:43 Keep
45:39 Architecture
47:26 Frontier Guards
dix.
3:53 Loom
9:41 Feudal Age
15:38 Wheelbarrow
16:17 Double-Bit Axe
20:32 Castle Age
21:26 Pikeman
22:08 Squires
22:15 Scale Mail Armor
22:25 Forging
24:43 Bow Saw
27:26 Gold Mining
27:27 Stone Mining
28:39 Chain Mail Armor
31:17 Iron Casting
34:40 Gold Shaft Mining
38:25 Imperial Age
37:18 Hand Cart
37:24 Scale Barding Armor
38:30 Chain Barding Armor
38:46 Halberdier
41:06 Plate Barding Armor
41:02 Plate Mail Armor
42:00 Cavalier
44:32 Blast Furnace
43:38 Husbandry
Connection lost

Rejoining the realm…

Still unreachable

The connection could not be restored.

Session expired

The server has moved on; the page needs a fresh start.